Philadelphia Phantoms vs Buffalo Bisons

Created - 24 octobre 2025 at 17:18

Goals
1 2 3 T
Philadelphia Phantoms 2 3 1 6
Buffalo Bisons 1 3 0 4
Shots
1 2 3 T
Philadelphia Phantoms 10 18 8 36
Buffalo Bisons 7 15 9 31

GoalsPenalties
1st period
1. Buffalo Bisons , Alexis Gendron 4 (Ty Glover 4) at 9:14
2. Philadelphia Phantoms , Jonathan Lekkerimaki 4 (Dennis Cholowski 3, Bradly Nadeau 4) at 9:22
3. Philadelphia Phantoms , Tyler Madden 3 (Ondrej Becher 7, Dennis Cholowski 4) at 19:54
Mackenzie Entwistle (BIS) for Fighting (Major) at 9:24
Vasily Ponomarev (PHA) for Fighting (Major) at 9:24
Adam Ginning (PHA) for Slashing (Minor) at 12:54
2nd period
4. Philadelphia Phantoms , Filip Bystedt 3 (Vasily Ponomarev 8) at 5:00
5. Philadelphia Phantoms , Vasily Ponomarev 6 (Adam Ginning 2, Filip Bystedt 9) at 6:25 (PP)
6. Philadelphia Phantoms , Ondrej Becher 1 (Tyler Madden 4, Alex Campbell 2) at 9:55
7. Buffalo Bisons , Josiah Slavin 3 (Tristan Luneau 5, Samuel Fagemo 9) at 10:44
8. Buffalo Bisons , Massimo Rizzo 1 (Ryan Mast 1, Eduard Sale 3) at 13:13
9. Buffalo Bisons , Ty Glover 2 (Pierrick Dube 4, Jack Peart 1) at 16:28
Ty Glover (BIS) for Hooking (Minor) at 5:22
Milo Roelens (BIS) for Delaying the game (Minor) at 6:34
Billy Sweezey (BIS) for Fighting (Major) at 12:36
Bradly Nadeau (PHA) for Fighting (Major) at 12:36
3rd period
10. Philadelphia Phantoms , Zayde Wisdom 9 (Chase Priskie 1, Jacob Fowler) at 11:47
Alexis Gendron (BIS) for Tripping (Minor) at 9:42
Alexis Gendron (BIS) for Roughing (Minor) at 12:13
Goalie Stats
Jacob Fowler (PHA), 27 saves from 31 shots - (0,871), W, 3-0-1, 60:00 minutes
Mads Sogaard (BIS), 13 saves from 17 shots - (0,765), 26:25 minutes
Ben Gaudreau (BIS), 17 saves from 19 shots - (0,895), L, 0-2-0, 33:35 minutes
3 StarsOfficial
1 - Tyler Madden (PHA)
2 - Ondrej Becher (PHA)
3 - Jonathan Lekkerimaki (PHA)
Referees : Reid Anderson and Brett Roeland
Linesman : Tyson Baker and James Tobias
Game Note
Mackenzie Entwistle and Vasily Ponomarev fight to a draw at 9:24 of 1st period
Ben Gaudreau enters game at 6:25 of 2nd period
Mackenzie Entwistle is injured at 7:06 of 2nd period (Sprained Left Finger)
Billy Sweezey beats up Bradly Nadeau at 12:36 of 2nd period
10:19 of 3rd period - Philadelphia Phantoms goal is going for a video replay. After video review, No Goal. The puck has been directed, batted or thrown into the net by an attacking player other than with a stick.
Finance
Level 1 -- Attendance: 1986 (99,30%) -- Ticket Income $59,580
Level 2 -- Attendance: 923 (92,30%) -- Ticket Income $11,999
Total Attendance: 2909 (96,97%)
Total Ticket Income: $71,579
Other Income: $35,074
Total Income: $106,653



Team Name Goals Shots Shots Attemp Shots Blocked PIM HIT PP PK FO%
Philadelphia Phantoms 63667712221 / 4 (25%)062%
Buffalo Bisons 431561418250 / 1 (0%)138%

Philadelphia Phantoms
Player Name POS G A P +/- PIM HIT SHT SB MP PP MP PP SHT PK MP PK SHT FO% FOT GA TA
000000000:000:0000:0000% 000
000000000:000:0000:0000% 000
000000000:000:0000:0000% 000
000000000:000:0000:0000% 000
Adam GinningD011-1202120:562:2400:0000% 001
Alex CampbellC/LW0111001011:100:0000:0000% 000
Bradly NadeauLW0111533117:514:0610:51033% 310
Cal O'ReillyC/RW0001031119:264:0600:31058% 3100
Cameron HebigC/RW0000000111:480:0000:0000% 120
Chase PriskieD011-1010021:062:2400:5500% 000
Cole SchwindtC/RW0000011014:130:0000:47025% 400
Dennis CholowskiD0221002026:034:3611:0400% 022
Eemil ViroD0001010012:510:0000:0000% 000
Filip BystedtC/LW112-1006018:162:5410:550100% 403
Givani SmithLW/RW0000001012:160:0000:5400% 011
Jonathan LekkerimakiLW/RW1011023018:374:0610:00067% 310
Ondrej BecherC/LW/RW1121012011:100:0000:0000% 021
Ronnie AttardD0001023013:040:0000:5500% 000
Tyler MaddenC1121014111:100:0000:00075% 410
Tyler WotherspoonD0001021126:034:3601:0400% 000
Vasily PonomarevC112-1523015:062:5420:01082% 1100
Zayde WisdomC/RW101-1033116:532:5410:0000% 000
Buffalo Bisons
Player Name POS G A P +/- PIM HIT SHT SB MP PP MP PP SHT PK MP PK SHT FO% FOT GA TA
000000000:000:0000:0000% 000
000000000:000:0000:0000% 000
000000000:000:0000:0000% 000
000000000:000:0000:0000% 000
Alex DoucetLW000-2030014:030:0000:0000% 000
Alexis GendronC/RW1011422018:581:0101:0400% 110
Billy SweezeyD0000502014:490:4902:1500% 000
Declan CarlileD0001001216:450:4902:1500% 000
Dylan RoobroeckC000-1021017:591:0404:17047% 1710
Eduard SaleLW0111023013:140:1700:2000% 001
Isaiah GeorgeD000-3005427:581:1004:4500% 021
Jack PeartD0111010115:400:0000:0000% 001
Josiah SlavinLW101-2012017:410:5602:050100% 101
Mackenzie EntwistleC/LW/RW000051106:350:2901:1700% 000
Massimo RizzoC1010023114:390:3401:40042% 1200
Milo RoelensC000-2231114:170:0000:23043% 700
Pierrick DubeRW011-1024014:440:3300:0000% 220
Robert MastrosimoneC/LW0002012011:480:0000:0000% 110
Ryan MastD0112000017:010:0000:0000% 004
Samuel FagemoLW/RW011-1021016:521:0302:5400% 310
Tristan LuneauD011-3021427:581:1004:4500% 001
Ty GloverC1122212111:530:0000:00035% 1701

Philadelphia Phantoms

5 vs 5 Forward
Line #Left WingCenterRight WingPHYDFOFWanted %Time %Time Play
1Bradly NadeauCal O'ReillyJonathan Lekkerimaki0323229%14:57
2Filip BystedtVasily PonomarevZayde Wisdom0323127%13:32
3Givani SmithCole SchwindtCameron Hebig0322422%11:22
4Alex CampbellTyler MaddenOndrej Becher0321322%11:10
5 vs 5 Defense
Line #DefenseDefensePHYDFOFWanted %Time %Time Play
1Tyler WotherspoonDennis Cholowski1314039%19:50
2Chase PriskieAdam Ginning1313535%17:47
3Ronnie AttardEemil Viro1312525%12:51
4Tyler WotherspoonDennis Cholowski12201%0:33
Power Play Forward
Line #Left WingCenterRight WingPHYDFOFWanted %Time %Time Play
1Bradly NadeauCal O'ReillyJonathan Lekkerimaki1226059%4:06
2Filip BystedtVasily PonomarevZayde Wisdom1224041%2:54
Power Play Defense
Line #DefenseDefensePHYDFOFWanted %Time %Time Play
1Tyler WotherspoonDennis Cholowski1226066%4:36
2Chase PriskieAdam Ginning1224034%2:24
Penalty Kill 4 Players Forward
Line #CenterWingPHYDFOFWanted %Time %Time Play
1Filip BystedtGivani Smith0506088%1:45
2Cal O'ReillyCole Schwindt0504012%0:14
Penalty Kill 4 Players Defense
Line #DefenseDefensePHYDFOFWanted %Time %Time Play
1Tyler WotherspoonDennis Cholowski1406054%1:04
2Chase PriskieAdam Ginning1404046%0:55
Penalty Kill 3 Players
Line #WingPHYDFOFWanted %Time %Time PlayDefenseDefensePHYDFOFWanted %Time %Time Play
1Filip Bystedt050600%0:00 Tyler WotherspoonDennis Cholowski140600%0:00
2Cole Schwindt050400%0:00 Chase PriskieAdam Ginning140400%0:00
4 vs 4 Forward
Line #CenterWingPHYDFOFWanted %Time %Time Play
1Cal O'ReillyBradly Nadeau122600%0:00
2Vasily PonomarevJonathan Lekkerimaki122400%0:00
4 vs 4 Defense
Line #DefensePHYDFOFWanted %Time %Time Play
1Tyler WotherspoonDennis Cholowski122600%0:00
2Chase PriskieAdam Ginning122400%0:00
Last Minutes Offensive
Left WingCenterRight WingDefenseDefense
Bradly NadeauCal O'ReillyJonathan LekkerimakiTyler WotherspoonDennis Cholowski
Last Minutes Defensive
Left WingCenterRight WingDefenseDefense
Givani SmithCal O'ReillyCole SchwindtTyler WotherspoonDennis Cholowski
Time
Total ForwardTotal DefenseLast Minutes OffensiveLast Minutes Defensive
60:00 60:00 0:000:00
Extra Forwards
Normal PowerPlayPenalty Kill
Cole Schwindt, Filip Bystedt, Zayde WisdomCole Schwindt, Filip BystedtCole Schwindt
Extra Defensemen
Normal PowerPlayPenalty Kill
Adam Ginning, Ronnie Attard, Eemil ViroAdam Ginning, Adam GinningRonnie Attard
Penalty Shots
Cal O'Reilly, Bradly Nadeau, Jonathan Lekkerimaki, Vasily Ponomarev, Cole Schwindt
Goalie
Jacob Fowler, Cayden Primeau
Scratches
Milos Kelemen (Healthy), Carl Berglund (Healthy), Calle Odelius (Strained Back Injury), Aleksandr Kisakov (Healthy), Max McCue (Healthy) Jiri Patera (Healthy), T.J. Semptimphelter (Healthy)

Buffalo Bisons

5 vs 5 Forward
Line #Left WingCenterRight WingPHYDFOFWanted %Time %Time Play
1Josiah SlavinDylan RoobroeckSamuel Fagemo0232526%13:22
2Eduard SaleMassimo RizzoMackenzie Entwistle0232524%12:03
3Alex DoucetMilo RoelensPierrick Dube0232527%13:48
4Robert MastrosimoneTy GloverAlexis Gendron1222523%11:48
5 vs 5 Defense
Line #DefenseDefensePHYDFOFWanted %Time %Time Play
1Tristan LuneauIsaiah George1222522%11:17
2Declan CarlileBilly Sweezey1222527%13:41
3Ryan MastJack Peart1222530%15:17
4Tristan LuneauIsaiah George1222521%10:46
Power Play Forward
Line #Left WingCenterRight WingPHYDFOFWanted %Time %Time Play
1Mackenzie EntwistleDylan RoobroeckSamuel Fagemo1226082%1:38
2Josiah SlavinAlexis GendronMackenzie Entwistle1224018%0:21
Power Play Defense
Line #DefenseDefensePHYDFOFWanted %Time %Time Play
1Tristan LuneauIsaiah George1225559%1:10
2Declan CarlileBilly Sweezey1224541%0:49
Penalty Kill 4 Players Forward
Line #CenterWingPHYDFOFWanted %Time %Time Play
1Dylan RoobroeckMackenzie Entwistle1226091%6:22
2Alexis GendronJosiah Slavin122409%0:38
Penalty Kill 4 Players Defense
Line #DefenseDefensePHYDFOFWanted %Time %Time Play
1Tristan LuneauIsaiah George1226068%4:45
2Declan CarlileBilly Sweezey1224032%2:15
Penalty Kill 3 Players
Line #WingPHYDFOFWanted %Time %Time PlayDefenseDefensePHYDFOFWanted %Time %Time Play
1Dylan Roobroeck122600%0:00 Tristan LuneauIsaiah George122600%0:00
2Alexis Gendron122400%0:00 Declan CarlileBilly Sweezey122400%0:00
4 vs 4 Forward
Line #CenterWingPHYDFOFWanted %Time %Time Play
1Dylan RoobroeckMackenzie Entwistle122600%0:00
2Alexis GendronJosiah Slavin122400%0:00
4 vs 4 Defense
Line #DefensePHYDFOFWanted %Time %Time Play
1Tristan LuneauIsaiah George122600%0:00
2Declan CarlileBilly Sweezey122400%0:00
Last Minutes Offensive
Left WingCenterRight WingDefenseDefense
Mackenzie EntwistleDylan RoobroeckSamuel FagemoTristan LuneauIsaiah George
Last Minutes Defensive
Left WingCenterRight WingDefenseDefense
Mackenzie EntwistleDylan RoobroeckSamuel FagemoTristan LuneauIsaiah George
Time
Total ForwardTotal DefenseLast Minutes OffensiveLast Minutes Defensive
60:00 60:00 0:000:00
Extra Forwards
Normal PowerPlayPenalty Kill
Alexis Gendron, Josiah Slavin, Eduard SaleAlexis Gendron, Josiah SlavinAlexis Gendron
Extra Defensemen
Normal PowerPlayPenalty Kill
Billy Sweezey, Ryan Mast, Jack PeartBilly Sweezey, Billy SweezeyRyan Mast
Penalty Shots
Samuel Fagemo, Mackenzie Entwistle, Dylan Roobroeck, Pierrick Dube, Alexis Gendron
Goalie
Mads Sogaard, Ben Gaudreau
Scratches
Jakub Lauko (Healthy), Sebastian Aho2 (Healthy), Jesse Pulkkinen (Healthy), Jorian Donovan (Healthy), Braeden Kressler (Healthy) Kevin Mandolese (Healthy), Georgi Romanov (Healthy)


Play-by-Play

1st period


0:01 of 1st period - Cal O'Reilly wins face-off versus Dylan Roobroeck in neutral zone.
0:26 of 1st period - Vasily Ponomarev is hit by Eduard Sale and loses puck.
1:10 of 1st period - Wrist shot by Alex Campbell.
1:10 of 1st period - Deflect By Tyler Madden.
1:10 of 1st period - Shot Blocked by Ty Glover.
1:10 of 1st period - Puck is out of play.
1:11 of 1st period - Tyler Madden wins face-off versus Ty Glover in Buffalo Bisons zone.
1:18 of 1st period - Slapshot by Ondrej Becher.
1:18 of 1st period - Shot Blocked by Tristan Luneau.
1:20 of 1st period - Snap shot by Tyler Madden.
1:20 of 1st period - Stopped by Mads Sogaard with a rebound.
1:22 of 1st period - Snap shot by Tyler Madden.
1:22 of 1st period - Shot Misses the Net.
1:24 of 1st period - Slapshot by Ronnie Attard.
1:24 of 1st period - Stopped by Mads Sogaard with a rebound.
1:26 of 1st period - Wrist shot by Tyler Madden.
1:26 of 1st period - Shot Misses the Net.
1:32 of 1st period - Wrist shot by Ondrej Becher.
1:32 of 1st period - Stopped by Mads Sogaard with a rebound.
2:00 of 1st period - Backhand shot by Alexis Gendron.
2:00 of 1st period - Shot Misses the Net.
2:02 of 1st period - Slapshot by Isaiah George.
2:02 of 1st period - Shot Misses the Net.
2:04 of 1st period - Slapshot by Isaiah George.
2:04 of 1st period - Stopped by Jacob Fowler without a rebound.
2:05 of 1st period - Massimo Rizzo wins face-off versus Cal O'Reilly in Philadelphia Phantoms zone.
2:12 of 1st period - Snap shot by Bradly Nadeau.
2:12 of 1st period - Shot Misses the Net.
2:14 of 1st period - Slapshot by Chase Priskie.
2:14 of 1st period - Shot Blocked by Massimo Rizzo.
2:16 of 1st period - Slapshot by Adam Ginning.
2:16 of 1st period - Deflect By Bradly Nadeau.
2:16 of 1st period - Stopped by Mads Sogaard with a rebound.
3:32 of 1st period - Filip Bystedt is hit by Alex Doucet and loses puck.
4:20 of 1st period - Ondrej Becher is hit by Mackenzie Entwistle.
6:10 of 1st period - Cal O'Reilly is hit by Alexis Gendron and loses puck.
6:54 of 1st period - Cole Schwindt is hit by Massimo Rizzo and loses puck.
7:01 of 1st period - Mackenzie Entwistle is hit by Tyler Wotherspoon and loses puck.
7:42 of 1st period - Snap shot by Alexis Gendron.
7:42 of 1st period - Stopped by Jacob Fowler without a rebound.
7:43 of 1st period - Massimo Rizzo wins face-off versus Cole Schwindt in Philadelphia Phantoms zone.
7:50 of 1st period - Slapshot by Mackenzie Entwistle.
7:50 of 1st period - Stopped by Jacob Fowler with a rebound.
7:52 of 1st period - Slapshot by Billy Sweezey.
7:52 of 1st period - Stopped by Jacob Fowler with a rebound.
7:54 of 1st period - Slapshot by Billy Sweezey.
7:54 of 1st period - Stopped by Jacob Fowler without a rebound.
7:55 of 1st period - Vasily Ponomarev wins face-off versus Samuel Fagemo in Philadelphia Phantoms zone.
8:27 of 1st period - Snap shot by Jonathan Lekkerimaki.
8:27 of 1st period - Stopped by Mads Sogaard without a rebound.
8:28 of 1st period - Cal O'Reilly wins face-off versus Massimo Rizzo in Buffalo Bisons zone.
8:53 of 1st period - Alex Doucet is hit by Vasily Ponomarev and loses puck.
9:08 of 1st period - Wrist shot by Alexis Gendron.
9:08 of 1st period - Shot Misses the Net.
9:10 of 1st period - Snap shot by Ty Glover.
9:10 of 1st period - Shot Misses the Net.
9:14 of 1st period - Wrist shot by Alexis Gendron.
9:14 of 1st period - Goal by Alexis Gendron - Philadelphia Phantoms : 0 - Buffalo Bisons : 1.
9:15 of 1st period - Cal O'Reilly wins face-off versus Dylan Roobroeck in neutral zone.
9:18 of 1st period - Wrist shot by Bradly Nadeau.
9:18 of 1st period - Stopped by Mads Sogaard with a rebound.
9:20 of 1st period - Slapshot by Dennis Cholowski.
9:20 of 1st period - Shot Misses the Net.
9:22 of 1st period - Snap shot by Jonathan Lekkerimaki.
9:22 of 1st period - Goal by Jonathan Lekkerimaki - Philadelphia Phantoms : 1 - Buffalo Bisons : 1.
9:23 of 1st period - Vasily Ponomarev wins face-off versus Massimo Rizzo in neutral zone.
9:23 of 1st period - Vasily Ponomarev is hit by Eduard Sale.
9:24 of 1st period - Mackenzie Entwistle and Vasily Ponomarev fight to a draw.
9:24 of 1st period - Penalty to Mackenzie Entwistle for Fighting.
9:24 of 1st period - Penalty to Vasily Ponomarev for Fighting.
9:25 of 1st period - Cal O'Reilly wins face-off versus Dylan Roobroeck in neutral zone.
9:56 of 1st period - Wrist shot by Pierrick Dube.
9:56 of 1st period - Shot Misses the Net.
10:38 of 1st period - Eduard Sale is hit by Eemil Viro and loses puck.
11:19 of 1st period - Wrist shot by Dylan Roobroeck.
11:19 of 1st period - Shot Blocked by Adam Ginning.
12:37 of 1st period - Slapshot by Milo Roelens.
12:37 of 1st period - Stopped by Jacob Fowler without a rebound.
12:38 of 1st period - Josiah Slavin wins face-off versus Cameron Hebig in Philadelphia Phantoms zone.
12:41 of 1st period - Snap shot by Josiah Slavin.
12:41 of 1st period - Shot Misses the Net.
12:54 of 1st period - Minor Penalty to Adam Ginning for Slashing.
12:55 of 1st period - Filip Bystedt wins face-off versus Samuel Fagemo in Philadelphia Phantoms zone.
14:24 of 1st period - Penalty to Vasily Ponomarev is over, Vasily Ponomarev is back on ice.
14:36 of 1st period - Cal O'Reilly is hit by Pierrick Dube and loses puck.
14:54 of 1st period - Penalty to Adam Ginning is over, Adam Ginning is back on ice.
15:21 of 1st period - Tyler Madden is hit by Ty Glover and loses puck.
16:18 of 1st period - Billy Sweezey is hit by Ondrej Becher and loses puck.
17:50 of 1st period - Jonathan Lekkerimaki is hit by Alex Doucet and loses puck.
18:53 of 1st period - Chase Priskie is hit by Milo Roelens and loses puck.
19:11 of 1st period - Wrist shot by Tyler Madden.
19:11 of 1st period - Shot Misses the Net.
19:13 of 1st period - Slapshot by Alex Campbell.
19:13 of 1st period - Stopped by Mads Sogaard with a rebound.
19:15 of 1st period - Slapshot by Adam Ginning.
19:15 of 1st period - Stopped by Mads Sogaard without a rebound.
19:16 of 1st period - Massimo Rizzo wins face-off versus Tyler Madden in Buffalo Bisons zone.
19:54 of 1st period - Backhand shot by Tyler Madden.
19:54 of 1st period - Goal by Tyler Madden - Philadelphia Phantoms : 2 - Buffalo Bisons : 1.
19:55 of 1st period - Ty Glover wins face-off versus Cal O'Reilly in neutral zone.
Goals for this period are 2 for Philadelphia Phantoms vs 1 for Buffalo Bisons.
Shots for this period are 10 for Philadelphia Phantoms vs 7 for Buffalo Bisons.

2nd period


0:01 of 2nd period - Ty Glover wins face-off versus Cal O'Reilly in neutral zone.
0:04 of 2nd period - Wrist shot by Robert Mastrosimone.
0:04 of 2nd period - Stopped by Jacob Fowler with a rebound.
1:35 of 2nd period - Alexis Gendron is hit by Bradly Nadeau and loses puck.
2:15 of 2nd period - Tyler Madden is hit by Jack Peart and loses puck.
2:22 of 2nd period - Ryan Mast is hit by Tyler Madden.
3:15 of 2nd period - Jack Peart is hit by Zayde Wisdom and loses puck.
3:33 of 2nd period - Declan Carlile is hit by Cole Schwindt and loses puck.
3:52 of 2nd period - Wrist shot by Alex Doucet.
3:52 of 2nd period - Shot Misses the Net.
3:54 of 2nd period - Slapshot by Billy Sweezey.
3:54 of 2nd period - Shot Misses the Net.
3:56 of 2nd period - Wrist shot by Pierrick Dube.
3:56 of 2nd period - Shot Misses the Net.
4:10 of 2nd period - Snap shot by Samuel Fagemo.
4:10 of 2nd period - Shot Misses the Net.
4:50 of 2nd period - Wrist shot by Givani Smith.
4:50 of 2nd period - Stopped by Mads Sogaard with a rebound.
4:52 of 2nd period - Slapshot by Ronnie Attard.
4:52 of 2nd period - Stopped by Mads Sogaard without a rebound.
4:53 of 2nd period - Filip Bystedt wins face-off versus Massimo Rizzo in Buffalo Bisons zone.
4:56 of 2nd period - Snap shot by Vasily Ponomarev.
4:56 of 2nd period - Deflect By Filip Bystedt.
4:56 of 2nd period - Shot Misses the Net.
4:56 of 2nd period - Puck is out of play.
4:57 of 2nd period - Vasily Ponomarev wins face-off versus Pierrick Dube in Buffalo Bisons zone.
4:58 of 2nd period - Wrist shot by Filip Bystedt.
4:58 of 2nd period - Stopped by Mads Sogaard with a rebound.
5:00 of 2nd period - Slapshot by Filip Bystedt.
5:00 of 2nd period - Goal by Filip Bystedt - Philadelphia Phantoms : 3 - Buffalo Bisons : 1.
5:01 of 2nd period - Cal O'Reilly wins face-off versus Ty Glover in neutral zone.
5:22 of 2nd period - Minor Penalty to Ty Glover for Hooking.
5:23 of 2nd period - Dylan Roobroeck wins face-off versus Cal O'Reilly in Buffalo Bisons zone.
5:23 of 2nd period - Dylan Roobroeck is hit by Bradly Nadeau.
5:34 of 2nd period - Icing by Jonathan Lekkerimaki.
5:35 of 2nd period - Dylan Roobroeck wins face-off versus Cal O'Reilly in Philadelphia Phantoms zone.
6:10 of 2nd period - Snap shot by Filip Bystedt.
6:10 of 2nd period - Stopped by Mads Sogaard with a rebound.
6:12 of 2nd period - Snap shot by Vasily Ponomarev.
6:12 of 2nd period - Stopped by Mads Sogaard without a rebound.
6:13 of 2nd period - Vasily Ponomarev wins face-off versus Alexis Gendron in Buffalo Bisons zone.
6:19 of 2nd period - Slapshot by Filip Bystedt.
6:19 of 2nd period - Shot Hit the Post.
6:21 of 2nd period - Wrist shot by Filip Bystedt.
6:21 of 2nd period - Shot Misses the Net.
6:23 of 2nd period - Slapshot by Adam Ginning.
6:23 of 2nd period - Shot Blocked by Declan Carlile.
6:25 of 2nd period - Snap shot by Vasily Ponomarev.
6:25 of 2nd period - Goal by Vasily Ponomarev - Philadelphia Phantoms : 4 - Buffalo Bisons : 1.
6:25 of 2nd period - Ben Gaudreau enters game.
6:26 of 2nd period - Vasily Ponomarev wins face-off versus Milo Roelens in neutral zone.
6:34 of 2nd period - Minor Penalty to Milo Roelens for Delaying the game.
6:35 of 2nd period - Cal O'Reilly wins face-off versus Dylan Roobroeck in Buffalo Bisons zone.
6:43 of 2nd period - Slapshot by Jonathan Lekkerimaki.
6:43 of 2nd period - Shot Misses the Net.
6:45 of 2nd period - Slapshot by Dennis Cholowski.
6:45 of 2nd period - Stopped by Ben Gaudreau without a rebound.
6:46 of 2nd period - Dylan Roobroeck wins face-off versus Bradly Nadeau in Buffalo Bisons zone.
6:55 of 2nd period - Wrist shot by Jonathan Lekkerimaki.
6:55 of 2nd period - Shot Blocked by Tristan Luneau.
7:05 of 2nd period - Mackenzie Entwistle is hit by Jonathan Lekkerimaki and loses puck.
7:06 of 2nd period - Mackenzie Entwistle from Buffalo Bisons is injured at 7:06 of 2nd period (Sprained Left Finger).
7:07 of 2nd period - Dylan Roobroeck wins face-off versus Cal O'Reilly in Buffalo Bisons zone.
7:16 of 2nd period - Isaiah George is hit by Cal O'Reilly.
7:34 of 2nd period - Tyler Wotherspoon is hit by Samuel Fagemo and loses puck.
8:29 of 2nd period - Wrist shot by Massimo Rizzo.
8:29 of 2nd period - Shot Misses the Net.
8:34 of 2nd period - Penalty to Milo Roelens is over, Milo Roelens is back on ice.
8:38 of 2nd period - Icing by Cal O'Reilly.
8:39 of 2nd period - Milo Roelens wins face-off versus Bradly Nadeau in Philadelphia Phantoms zone.
9:12 of 2nd period - Isaiah George is hit by Ronnie Attard and loses puck.
9:31 of 2nd period - Snap shot by Filip Bystedt.
9:31 of 2nd period - Stopped by Ben Gaudreau with a rebound.
9:53 of 2nd period - Slapshot by Tyler Madden.
9:53 of 2nd period - Stopped by Ben Gaudreau with a rebound.
9:55 of 2nd period - Wrist shot by Ondrej Becher.
9:55 of 2nd period - Goal by Ondrej Becher - Philadelphia Phantoms : 5 - Buffalo Bisons : 1.
9:56 of 2nd period - Cal O'Reilly wins face-off versus Ty Glover in neutral zone.
9:58 of 2nd period - Off-side.
9:59 of 2nd period - Ty Glover wins face-off versus Jonathan Lekkerimaki in neutral zone.
10:02 of 2nd period - Snap shot by Alexis Gendron.
10:02 of 2nd period - Deflect By Jonathan Lekkerimaki.
10:02 of 2nd period - Shot Misses the Net.
10:02 of 2nd period - Puck is out of play.
10:03 of 2nd period - Bradly Nadeau wins face-off versus Ty Glover in Philadelphia Phantoms zone.
10:03 of 2nd period - Bradly Nadeau is hit by Robert Mastrosimone.
10:11 of 2nd period - Snap shot by Cal O'Reilly.
10:11 of 2nd period - Stopped by Ben Gaudreau without a rebound.
10:12 of 2nd period - Cal O'Reilly wins face-off versus Massimo Rizzo in Buffalo Bisons zone.
10:44 of 2nd period - Slapshot by Tristan Luneau.
10:44 of 2nd period - Deflect By Josiah Slavin.
10:44 of 2nd period - Goal by Josiah Slavin - Philadelphia Phantoms : 5 - Buffalo Bisons : 2.
10:45 of 2nd period - Filip Bystedt wins face-off versus Ty Glover in neutral zone.
10:52 of 2nd period - Slapshot by Tristan Luneau.
10:52 of 2nd period - Stopped by Jacob Fowler without a rebound.
10:53 of 2nd period - Ty Glover wins face-off versus Vasily Ponomarev in Philadelphia Phantoms zone.
11:00 of 2nd period - Slapshot by Tristan Luneau.
11:00 of 2nd period - Shot Misses the Net.
11:02 of 2nd period - Backhand shot by Isaiah George.
11:02 of 2nd period - Shot Misses the Net.
11:04 of 2nd period - Slapshot by Isaiah George.
11:04 of 2nd period - Shot Misses the Net.
11:06 of 2nd period - Wrist shot by Robert Mastrosimone.
11:06 of 2nd period - Stopped by Jacob Fowler with a rebound.
11:08 of 2nd period - Slapshot by Isaiah George.
11:08 of 2nd period - Stopped by Jacob Fowler with a rebound.
11:42 of 2nd period - Slapshot by Tyler Madden.
11:42 of 2nd period - Shot Blocked by Isaiah George.
12:29 of 2nd period - Snap shot by Tyler Wotherspoon.
12:29 of 2nd period - Stopped by Ben Gaudreau with a rebound.
12:31 of 2nd period - Wrist shot by Vasily Ponomarev.
12:31 of 2nd period - Shot Misses the Net.
12:33 of 2nd period - Wrist shot by Filip Bystedt.
12:33 of 2nd period - Stopped by Ben Gaudreau with a rebound.
12:35 of 2nd period - Snap shot by Vasily Ponomarev.
12:35 of 2nd period - Stopped by Ben Gaudreau without a rebound.
12:36 of 2nd period - Jonathan Lekkerimaki wins face-off versus Massimo Rizzo in Buffalo Bisons zone.
12:36 of 2nd period - Billy Sweezey beats up Bradly Nadeau.
12:36 of 2nd period - Penalty to Billy Sweezey for Fighting.
12:36 of 2nd period - Penalty to Bradly Nadeau for Fighting.
12:37 of 2nd period - Cal O'Reilly wins face-off versus Dylan Roobroeck in Buffalo Bisons zone.
13:06 of 2nd period - Adam Ginning is hit by Massimo Rizzo and loses puck.
13:11 of 2nd period - Snap shot by Massimo Rizzo.
13:11 of 2nd period - Stopped by Jacob Fowler with a rebound.
13:13 of 2nd period - Slapshot by Ryan Mast.
13:13 of 2nd period - Deflect By Massimo Rizzo.
13:13 of 2nd period - Deflect By Vasily Ponomarev.
13:13 of 2nd period - Goal by Massimo Rizzo - Philadelphia Phantoms : 5 - Buffalo Bisons : 3.
13:14 of 2nd period - Milo Roelens wins face-off versus Cal O'Reilly in neutral zone.
14:03 of 2nd period - Vasily Ponomarev is hit by Milo Roelens and loses puck.
14:24 of 2nd period - Backhand shot by Cole Schwindt.
14:24 of 2nd period - Stopped by Ben Gaudreau with a rebound.
15:39 of 2nd period - Tyler Wotherspoon is hit by Samuel Fagemo and loses puck.
16:05 of 2nd period - Isaiah George is hit by Vasily Ponomarev and loses puck.
16:20 of 2nd period - Slapshot by Isaiah George.
16:20 of 2nd period - Stopped by Jacob Fowler without a rebound.
16:21 of 2nd period - Tyler Madden wins face-off versus Robert Mastrosimone in Philadelphia Phantoms zone.
16:28 of 2nd period - Slapshot by Ty Glover.
16:28 of 2nd period - Goal by Ty Glover - Philadelphia Phantoms : 5 - Buffalo Bisons : 4.
16:29 of 2nd period - Dylan Roobroeck wins face-off versus Cal O'Reilly in neutral zone.
17:19 of 2nd period - Slapshot by Alex Campbell.
17:19 of 2nd period - Shot Misses the Net.
17:21 of 2nd period - Slapshot by Ronnie Attard.
17:21 of 2nd period - Stopped by Ben Gaudreau with a rebound.
17:23 of 2nd period - Snap shot by Ondrej Becher.
17:23 of 2nd period - Shot Blocked by Isaiah George.
17:37 of 2nd period - Cameron Hebig is hit by Milo Roelens and loses puck.
17:42 of 2nd period - Snap shot by Pierrick Dube.
17:42 of 2nd period - Stopped by Jacob Fowler with a rebound.
17:44 of 2nd period - Slapshot by Milo Roelens.
17:44 of 2nd period - Shot Blocked by Tyler Wotherspoon.
17:46 of 2nd period - Snap shot by Alex Doucet.
17:46 of 2nd period - Shot Misses the Net.
17:48 of 2nd period - Slapshot by Milo Roelens.
17:48 of 2nd period - Shot Blocked by Cameron Hebig.
17:50 of 2nd period - Slapshot by Declan Carlile.
17:50 of 2nd period - Stopped by Jacob Fowler without a rebound.
17:51 of 2nd period - Cal O'Reilly wins face-off versus Ty Glover in Philadelphia Phantoms zone.
17:56 of 2nd period - Backhand shot by Ty Glover.
17:56 of 2nd period - Stopped by Jacob Fowler with a rebound.
18:06 of 2nd period - Wrist shot by Alexis Gendron.
18:06 of 2nd period - Shot Blocked by Bradly Nadeau.
18:16 of 2nd period - Declan Carlile is hit by Zayde Wisdom.
18:56 of 2nd period - Dylan Roobroeck is hit by Tyler Wotherspoon and loses puck.
19:03 of 2nd period - Slapshot by Tyler Madden.
19:03 of 2nd period - Deflect By Ondrej Becher.
19:03 of 2nd period - Shot Misses the Net.
19:03 of 2nd period - Puck is out of play.
19:04 of 2nd period - Jonathan Lekkerimaki wins face-off versus Dylan Roobroeck in Buffalo Bisons zone.
19:19 of 2nd period - Snap shot by Josiah Slavin.
19:19 of 2nd period - Stopped by Jacob Fowler with a rebound.
19:21 of 2nd period - Snap shot by Isaiah George.
19:21 of 2nd period - Deflect By Jonathan Lekkerimaki.
19:21 of 2nd period - Stopped by Jacob Fowler without a rebound.
19:22 of 2nd period - Vasily Ponomarev wins face-off versus Ty Glover in Philadelphia Phantoms zone.
19:29 of 2nd period - Snap shot by Vasily Ponomarev.
19:29 of 2nd period - Deflect By Zayde Wisdom.
19:29 of 2nd period - Stopped by Ben Gaudreau without a rebound.
19:30 of 2nd period - Ty Glover wins face-off versus Vasily Ponomarev in Buffalo Bisons zone.
19:57 of 2nd period - Slapshot by Pierrick Dube.
19:57 of 2nd period - Stopped by Jacob Fowler with a rebound.
19:59 of 2nd period - Wrist shot by Pierrick Dube.
19:59 of 2nd period - Shot Blocked by Cal O'Reilly.
Goals for this period are 3 for Philadelphia Phantoms vs 3 for Buffalo Bisons.
Shots for this period are 18 for Philadelphia Phantoms vs 15 for Buffalo Bisons.

3rd period


0:01 of 3rd period - Massimo Rizzo wins face-off versus Cal O'Reilly in neutral zone.
0:11 of 3rd period - Snap shot by Eduard Sale.
0:11 of 3rd period - Stopped by Jacob Fowler without a rebound.
0:12 of 3rd period - Cole Schwindt wins face-off versus Dylan Roobroeck in Philadelphia Phantoms zone.
1:24 of 3rd period - Billy Sweezey is hit by Ronnie Attard and loses puck.
1:29 of 3rd period - Wrist shot by Tyler Madden.
1:29 of 3rd period - Stopped by Ben Gaudreau without a rebound.
1:30 of 3rd period - Ty Glover wins face-off versus Cal O'Reilly in Buffalo Bisons zone.
1:46 of 3rd period - Off-side.
1:47 of 3rd period - Vasily Ponomarev wins face-off versus Milo Roelens in neutral zone.
1:50 of 3rd period - Slapshot by Filip Bystedt.
1:50 of 3rd period - Stopped by Ben Gaudreau without a rebound.
1:51 of 3rd period - Vasily Ponomarev wins face-off versus Milo Roelens in Buffalo Bisons zone.
1:54 of 3rd period - Wrist shot by Filip Bystedt.
1:54 of 3rd period - Shot Blocked by Isaiah George.
1:56 of 3rd period - Wrist shot by Vasily Ponomarev.
1:56 of 3rd period - Deflect By Isaiah George.
1:56 of 3rd period - Shot Blocked by Isaiah George.
1:56 of 3rd period - Puck is out of play.
1:57 of 3rd period - Vasily Ponomarev wins face-off versus Milo Roelens in Buffalo Bisons zone.
2:26 of 3rd period - Chase Priskie is hit by Pierrick Dube.
2:29 of 3rd period - Off-side.
2:30 of 3rd period - Massimo Rizzo wins face-off versus Cole Schwindt in neutral zone.
2:55 of 3rd period - Jack Peart is hit by Cal O'Reilly and loses puck.
3:04 of 3rd period - Bradly Nadeau is hit by Dylan Roobroeck.
4:12 of 3rd period - Snap shot by Alexis Gendron.
4:12 of 3rd period - Shot Blocked by Zayde Wisdom.
4:14 of 3rd period - Snap shot by Robert Mastrosimone.
4:14 of 3rd period - Shot Misses the Net.
4:50 of 3rd period - Alex Doucet is hit by Chase Priskie and loses puck.
5:33 of 3rd period - Wrist shot by Alex Campbell.
5:33 of 3rd period - Shot Misses the Net.
5:45 of 3rd period - Vasily Ponomarev is hit by Dylan Roobroeck and loses puck.
6:05 of 3rd period - Declan Carlile is hit by Bradly Nadeau and loses puck.
6:20 of 3rd period - Snap shot by Pierrick Dube.
6:20 of 3rd period - Stopped by Jacob Fowler without a rebound.
6:21 of 3rd period - Milo Roelens wins face-off versus Cole Schwindt in Philadelphia Phantoms zone.
7:54 of 3rd period - Ronnie Attard is hit by Alexis Gendron and loses puck.
8:09 of 3rd period - Slapshot by Isaiah George.
8:09 of 3rd period - Stopped by Jacob Fowler with a rebound.
8:27 of 3rd period - Snap shot by Dennis Cholowski.
8:27 of 3rd period - Shot Blocked by Milo Roelens.
8:29 of 3rd period - Snap shot by Dennis Cholowski.
8:29 of 3rd period - Shot Blocked by Declan Carlile.
8:31 of 3rd period - Snap shot by Tyler Wotherspoon.
8:31 of 3rd period - Deflect By Ondrej Becher.
8:31 of 3rd period - Shot Misses the Net.
8:31 of 3rd period - Puck is out of play.
8:32 of 3rd period - Dylan Roobroeck wins face-off versus Cal O'Reilly in Buffalo Bisons zone.
8:37 of 3rd period - Wrist shot by Dylan Roobroeck.
8:37 of 3rd period - Stopped by Jacob Fowler without a rebound.
8:38 of 3rd period - Cal O'Reilly wins face-off versus Samuel Fagemo in Philadelphia Phantoms zone.
8:38 of 3rd period - Cal O'Reilly is hit by Josiah Slavin.
9:25 of 3rd period - Icing by Filip Bystedt.
9:26 of 3rd period - Filip Bystedt wins face-off versus Ty Glover in Philadelphia Phantoms zone.
9:35 of 3rd period - Snap shot by Vasily Ponomarev.
9:35 of 3rd period - Shot Misses the Net.
9:37 of 3rd period - Snap shot by Filip Bystedt.
9:37 of 3rd period - Shot Blocked by Tristan Luneau.
9:39 of 3rd period - Slapshot by Adam Ginning.
9:39 of 3rd period - Stopped by Ben Gaudreau without a rebound.
9:40 of 3rd period - Cal O'Reilly wins face-off versus Massimo Rizzo in Buffalo Bisons zone.
9:42 of 3rd period - Minor Penalty to Alexis Gendron for Tripping.
9:43 of 3rd period - Cal O'Reilly wins face-off versus Dylan Roobroeck in Buffalo Bisons zone.
9:45 of 3rd period - Backhand shot by Bradly Nadeau.
9:45 of 3rd period - Stopped by Ben Gaudreau with a rebound.
9:47 of 3rd period - Snap shot by Jonathan Lekkerimaki.
9:47 of 3rd period - Stopped by Ben Gaudreau with a rebound.
10:17 of 3rd period - Snap shot by Vasily Ponomarev.
10:17 of 3rd period - Shot Misses the Net.
10:19 of 3rd period - Wrist shot by Zayde Wisdom.
10:19 of 3rd period - Philadelphia Phantoms goal is going for a video replay.
10:19 of 3rd period - The goal is refused. The puck has been directed, batted or thrown into the net by an attacking player other than with a stick..
10:20 of 3rd period - Cal O'Reilly wins face-off versus Dylan Roobroeck in Buffalo Bisons zone.
10:45 of 3rd period - Slapshot by Vasily Ponomarev.
10:45 of 3rd period - Shot Misses the Net.
11:42 of 3rd period - Penalty to Alexis Gendron is over, Alexis Gendron is back on ice.
11:47 of 3rd period - Snap shot by Zayde Wisdom.
11:47 of 3rd period - Goal by Zayde Wisdom - Philadelphia Phantoms : 6 - Buffalo Bisons : 4.
11:48 of 3rd period - Cal O'Reilly wins face-off versus Ty Glover in neutral zone.
11:51 of 3rd period - Slapshot by Dennis Cholowski.
11:51 of 3rd period - Stopped by Ben Gaudreau without a rebound.
11:52 of 3rd period - Cal O'Reilly wins face-off versus Ty Glover in Buffalo Bisons zone.
12:13 of 3rd period - Minor Penalty to Alexis Gendron for Roughing.
12:14 of 3rd period - Dylan Roobroeck wins face-off versus Cal O'Reilly in Buffalo Bisons zone.
12:23 of 3rd period - Isaiah George is hit by Cal O'Reilly and loses puck.
12:28 of 3rd period - Wrist shot by Bradly Nadeau.
12:28 of 3rd period - Shot Blocked by Tristan Luneau.
12:40 of 3rd period - Samuel Fagemo is hit by Zayde Wisdom and loses puck.
12:59 of 3rd period - Tristan Luneau is hit by Jonathan Lekkerimaki and loses puck.
14:13 of 3rd period - Penalty to Alexis Gendron is over, Alexis Gendron is back on ice.
14:46 of 3rd period - Ondrej Becher is hit by Alex Doucet.
15:03 of 3rd period - Icing by Ryan Mast.
15:04 of 3rd period - Cal O'Reilly wins face-off versus Pierrick Dube in Buffalo Bisons zone.
16:01 of 3rd period - Snap shot by Cole Schwindt.
16:01 of 3rd period - Shot Blocked by Jack Peart.
16:57 of 3rd period - Snap shot by Pierrick Dube.
16:57 of 3rd period - Stopped by Jacob Fowler without a rebound.
16:58 of 3rd period - Cal O'Reilly wins face-off versus Ty Glover in Philadelphia Phantoms zone.
17:25 of 3rd period - Adam Ginning is hit by Tristan Luneau and loses puck.
17:46 of 3rd period - Wrist shot by Alexis Gendron.
17:46 of 3rd period - Shot Misses the Net.
17:48 of 3rd period - Snap shot by Eduard Sale.
17:48 of 3rd period - Stopped by Jacob Fowler without a rebound.
17:49 of 3rd period - Tyler Madden wins face-off versus Massimo Rizzo in Philadelphia Phantoms zone.
18:10 of 3rd period - Ondrej Becher is hit by Tristan Luneau and loses puck.
18:15 of 3rd period - Wrist shot by Massimo Rizzo.
18:15 of 3rd period - Deflect By Eduard Sale.
18:15 of 3rd period - Stopped by Jacob Fowler with a rebound.
18:17 of 3rd period - Snap shot by Massimo Rizzo.
18:17 of 3rd period - Stopped by Jacob Fowler with a rebound.
18:43 of 3rd period - Wrist shot by Isaiah George.
18:43 of 3rd period - Deflect By Massimo Rizzo.
18:43 of 3rd period - Shot Blocked by Tyler Madden.
18:43 of 3rd period - Puck is out of play.
18:44 of 3rd period - Dylan Roobroeck wins face-off versus Cal O'Reilly in Philadelphia Phantoms zone.
18:45 of 3rd period - Snap shot by Samuel Fagemo.
18:45 of 3rd period - Stopped by Jacob Fowler with a rebound.
Goals for this period are 1 for Philadelphia Phantoms vs 0 for Buffalo Bisons.
Shots for this period are 8 for Philadelphia Phantoms vs 9 for Buffalo Bisons.